 Dungeon Crawl Stone Soup version 0.18-a0-902-g8738618 (webtiles) character file.

2 Jmtri7 the Charlatan (level 1, -4/15 HPs)
             Began as a Formicid Artificer on Dec 25, 2015.
             Killed from afar by an efreet (19 damage)
             ... with a bolt of fire
             ... on level 15 of the Dungeon.
             The game lasted 00:01:28 (159 turns).

Jmtri7 the Charlatan (Formicid Artificer)            Turns: 159, Time: 00:01:28

Health: -4/15      AC:  5    Str: 15    XL:     1   Next: 33%
Magic:  3/3        EV: 11    Int: 11    God:
Gold:   4          SH:  0    Dex: 11    Spells: 0 memorised, 0 levels left

rFire  . . .     SeeInvis +     a - +0 short sword
rCold  . . .     Gourm    .     b - +0 leather armour
rNeg   . . .     Faith    .     (no shield)
rPois  .         Spirit   .     (helmet unavailable)
rElec  .         Dismiss  .     j - +1 cloak
rCorr  .         Reflect  .     (no gloves)
SustAt .         Harm     .     (no boots)
MR     .....                    (no amulet)
Stlth  +.........               (no ring)
                                g - ring of teleportation (curse)

@: not resistant to hostile enchantments, very unstealthy
A: permanent stasis, dig shafts and tunnels, four strong arms, antennae 3
a: Dig, Shaft Self, Evoke Teleportation


You were on level 15 of the Dungeon.
You were not hungry.

You visited 1 branch of the dungeon, and saw 7 of its levels.

You collected 4 gold pieces.

Inventory:

Hand Weapons
 a - a +0 short sword (weapon)
Armour
 b - a +0 leather armour (worn)
 j - a +1 cloak (worn)
Jewellery
 g - a cursed ring of teleportation (left hand)
Wands
 c - a wand of flame (15/48)
 d - a wand of enslavement (15/24)
 e - a wand of random effects (15/48)
Scrolls
 h - a scroll of identify {unknown}
 i - a scroll of fog {unknown}
Comestibles
 f - a bread ration


   Skills:
 - Level 1.1 Fighting
 - Level 1.0 Short Blades
 - Level 1.7 Dodging
 - Level 1.2 Stealth
 + Level 3.4 Evocations


You couldn't memorise any spells.
You didn't know any spells.

Dungeon Overview and Level Annotations

Branches:
Dungeon (12/15)
 Temple: D:4-7         Lair: D:8-11         Orc: D:9-12

Altars:


Innate Abilities, Weirdness & Mutations

You are under a permanent stasis effect.
You can dig through walls and to a lower floor.
Your four strong arms can wield two-handed weapons with a shield.
You have a pair of large antennae on your head (SInv).


Message History

The adder barely misses you. A shaft appears beneath you!
You fall through a shaft for 3 floors!
The shaft crumbles and collapses.
An orc, an efreet and a wraith come into view.
Found a blue potion.
Unknown command.
You can't shaft yourself on this level.
Unknown command.
Unknown command.
A crimson imp comes into view.
The crimson imp shouts!
The wraith moves out of view.
The crimson imp blinks!
An orc warrior and an efreet come into view.
The efreet moves out of view.
The efreet gestures at you. The bolt of fire hits you!
Ouch! That really hurt!
You die...

≈≈#≈≈§..
#≈≈≈≈.§. ≈#
≈≈#≈R5. ≈≈≈
#≈≈≈..# ≈≈#≈
≈≈...#
.≈≈≈≈#≈.#.#
...o≈≈≈.#.#
.......@#.#
#######...######
###......#
#......#
#......#
#......#
#R.....#
{§.....#
#§......#


You could see an efreet, an orc warrior and a crimson imp.

Vanquished Creatures
  An orc (D:12)
1 creature vanquished.

Notes
Turn   | Place    | Note
--------------------------------------------------------------
     0 | D:1      | Jmtri7 the Formicid Artificer began the quest for the Orb.
     0 | D:1      | Reached XP level 1. HP: 15/15 MP: 3/3
     6 | D:1      | You fall through a shaft!
    12 | D:2      | You fall through a shaft for 2 floors!
    12 | D:4      | Noticed a worker ant
    15 | D:4      | You fall through a shaft for 3 floors!
    19 | D:7      | Noticed a phantom
    25 | D:7      | You fall through a shaft for 3 floors!
    25 | D:10     | Entered Level 10 of the Dungeon
    37 | D:10     | Noticed a deep elf mage
    41 | D:10     | You fall through a shaft for 2 floors!
   154 | D:12     | You fall through a shaft for 3 floors!
   154 | D:15     | Entered Level 15 of the Dungeon
   154 | D:15     | Noticed a wraith
   154 | D:15     | Noticed an efreet
   155 | D:15     | Noticed a crimson imp
   158 | D:15     | Noticed an orc warrior
   158 | D:15     | Noticed an efreet
   159 | D:15     | Killed from afar by an efreet

Vault maps used:
D:1:      minmay_arrival_radiant_lines
D:2:      gammafunk_temple_overflow_wave, uniq_jessica
D:4:      temple_hall, uniq_sigmund, uniq_grinder
D:7:      overflow_temple_1_default, grunt_livestock
D:10:     orc_david_3, basic_altar
D:12:     bh_circular_ruins
D:15:     grunt_enter_depths_hoard, nicolae_lava_and_water,
          hangedman_decor_clover_reticule, uniq_josephine

Action                   || total
-------------------------++-------
Melee: Short sword       ||     3
 Abil: Shaft Self        ||     6
